 Dungeon Crawl Stone Soup version 0.21.1-1-g345015f (webtiles) character file.

5847 troglodite the Carver (level 10, 0/80 HPs)
             Began as a Demonspawn Berserker on June 27, 2018.
             Was a High Priest of Trog.
             Slain by a death yak (19 damage)
             ... on level 9 of the Dungeon.
             The game lasted 00:30:20 (10561 turns).

troglodite the Carver (Demonspawn Berserker)       Turns: 10561, Time: 00:30:21

Health: 0/80       AC: 20    Str: 22    XL:     10   Next: 51%
Magic:  10/10      EV: 14    Int:  9    God:    Trog [*****.]
Gold:   584        SH: 10    Dex: 21    Spells: 9/9 levels left

rFire    . . .     SeeInvis .   q - +0 long sword
rCold    . . .     Gourm    .   F - +0 shield
rNeg     . . .     Faith    .   D - +1 chain mail {rPois}
rPois    +         Spirit   .   H - +2 helmet
rElec    .         Reflect  .   (no cloak)
rCorr    .         Harm     .   (no gloves)
MR       .....                  i - +0 pair of boots
Stlth    ..........             (no amulet)
HPRegen  0.23/turn              g - ring of poison resistance
MPRegen  0.12/turn              (no ring)

@: mighty, agile, about to teleport, berserk cooldown, slowed, drained, very
slow
A: talons 1, iridescent scales 2, demonic guardian 1, powered by pain 1
a: Berserk, Trog's Hand, Brothers in Arms, Burn Spellbooks, Renounce Religion


You were on level 9 of the Dungeon.
You worshipped Trog.
Trog was extremely pleased with you.
You were not hungry.

You visited 1 branch of the dungeon, and saw 9 of its levels.
You also visited: Ossuary.

You collected 584 gold pieces.

Inventory:

Hand Weapons
 a - a +0 falchion
 q - a +0 long sword (weapon)
Armour
 i - a +0 pair of boots (worn)
 D - a +1 chain mail of poison resistance (worn)
 F - a +0 shield (worn)
 H - a +2 helmet (worn)
Jewellery
 g - a ring of poison resistance (left hand)
 s - an uncursed ring of flight
 z - an uncursed ring of ice
Wands
 o - a wand of flame (5)
 y - a wand of random effects (61)
 E - a wand of disintegration (8)
Scrolls
 d - 2 scrolls of fog
 l - 3 scrolls of enchant armour
 p - 3 scrolls of remove curse
 u - a scroll of immolation {unknown}
 v - 2 scrolls of fear
 x - 2 scrolls of teleportation
 C - 2 scrolls of enchant weapon {unknown}
 G - a scroll of amnesia {unknown}
Potions
 b - 2 potions of brilliance
 f - 3 potions of lignification
 h - 4 potions of berserk rage
 j - 2 potions of agility {unknown}
 k - 2 potions of ambrosia
 m - 5 potions of heal wounds
 n - 7 potions of curing
 r - a potion of magic {unknown}
 t - a potion of cancellation {unknown}
 w - 2 potions of flight {unknown}
 A - a potion of haste {unknown}
 B - a potion of mutation {unknown}
Comestibles
 c - 14 rations


   Skills:
 * Level 8.0(7.7) Fighting
 + Level 8.3(8.0) Long Blades
 * Level 7.4(7.0) Armour
 * Level 5.8(5.5) Dodging
 + Level 2.5(2.2) Stealth
 * Level 3.8(3.5) Shields


You had 9 spell levels left.
You didn't know any spells.

Dungeon Overview and Level Annotations

Branches:
Dungeon (9/15)             Temple (0/1) D:7            Lair (0/6) D:9
    Orc: D:9-12

Altars:
Gozag


Innate Abilities, Weirdness & Mutations

You have sharp toenails.
You are mostly covered in iridescent scales. (AC +4)
A weak demonic guardian rushes to your aid.
You sometimes gain a little power by taking damage.


Message History

Your quasit bites the death yak but does no damage.
Your quasit claws the death yak but does no damage.
Your quasit barely misses the death yak.
The hell rat bites your shadow imp!!
Your shadow imp dies!
Something barely misses your quasit. You block the death yak's attack.
Your quasit bites the death yak but does no damage.
Your quasit claws the death yak.
Your quasit claws the death yak but does no damage.
The hell rat bites you.
* * * LOW HITPOINT WARNING * * *
Something gores your quasit!!
Your quasit dies!
The hell rat bites you but does no damage.
Your surroundings seem slightly different.
You block the hell rat's attack.
As you read the scroll of teleportation, it crumbles to dust.
You feel strangely unstable. You block the hell rat's attack.
The death yak gores you!!
You die...

##
#..)†'.....##.....##
#.Y<)Y.#########+##
##r###.## #.###)Y#
#..###Y####
###r.#....#
#........#
#rY......#
#@Y....(.#
#..#.#....
.........#.
....)>....###
#..........#
#.....##... ##.....
... #...... ..


You could see 2 death yaks, a hell rat and a river rat.

Vanquished Creatures
  A two-headed ogre (D:8)
  The ghost of HerrDoktor the Geomancer, a novice GrEE of Sif Muna (D:8)
  A troll (D:9)
  A wraith (Ossuary)
  A wyvern (D:8)
  A hungry ghost (D:8)
  Menkaure (D:7)
  A porcupine (D:9)
  A water moccasin (D:7)
  An ice beast (D:7)
  3 orc warriors (D:9)
  A phantom (D:8)
  2 ogres (D:8)
  4 sky beasts
  A centaur (D:7)
  A crocodile (D:8)
  A big kobold (D:7)
  A bullfrog (D:7)
  3 scorpions
  9 killer bees (D:8)
  A jelly (D:8)
  4 howler monkeys
  2 crimson imps
  A gnoll shaman (D:6)
  4 orc priests
  4 hounds
  A bullfrog skeleton (D:5)
  2 iguanas
  10 orc wizards
  2 hell rats (D:9)
  6 worker ants
  A hound skeleton (D:7)
  3 mummies (Ossuary)
  Robin (D:3)
  A howler monkey zombie (D:7)
  6 gnolls
  A howler monkey skeleton (D:9)
  15 adders
  A shadow imp (D:6)
  An adder skeleton (D:4)
  A worm (D:3)
  4 dart slugs
  3 leopard geckos
  34 orcs
  5 giant cockroaches
  A gnoll zombie (Ossuary)
  10 goblins
  8 hobgoblins
  19 jackals
  9 quokkas
  3 bats
  7 frilled lizards
  3 goblin zombies (Ossuary)
  3 hobgoblin zombies (Ossuary)
  9 kobolds
  5 kobold zombies (Ossuary)
  5 rats
232 creatures vanquished.

Vanquished Creatures (collateral kills)
  The ghost of dscm the Covert, a novice OpEE of Uskayaw (D:7)
  A hippogriff (D:8)
  An orc warrior (D:6)
  An ogre (D:7)
  A big kobold (D:8)
  A bullfrog (D:8)
  A crimson imp (D:6)
  5 orc wizards
  An iguana (D:8)
  A gnoll (D:6)
  A howler monkey skeleton (D:8)
  A leopard gecko (D:3)
  6 orcs
  5 goblins (D:3)
  2 quokkas (D:9)
  2 kobolds
  A kobold zombie (Ossuary)
32 creatures vanquished.

Grand Total: 264 creatures vanquished

Notes
Turn   | Place    | Note
-------+----------+-------------------------------------------
     0 | D:1      | troglodite the Demonspawn Berserker began the quest for the Orb.
     0 | D:1      | Reached XP level 1. HP: 18/18 MP: 1/1
   152 | D:1      | Gained mutation: You are partially covered in iridescent scales. (AC +2) [demonic ancestry]
   152 | D:1      | Reached XP level 2. HP: 22/24 MP: 2/2
  1138 | D:2      | Gained mutation: You are mostly covered in iridescent scales. (AC +4) [demonic ancestry]
  1138 | D:2      | Reached XP level 3. HP: 23/29 MP: 3/3
  1707 | D:3      | Reached ** piety under Trog
  1787 | D:3      | Gained mutation: A weak demonic guardian rushes to your aid. [demonic ancestry]
  1787 | D:3      | Reached XP level 4. HP: 29/37 MP: 4/4
  1792 | D:3      | Reached skill level 1 in Stealth
  1818 | D:3      | Noticed Robin
  2268 | D:3      | Killed Robin
  2365 | D:3      | Reached XP level 5. HP: 42/42 MP: 5/5
  2981 | D:4      | Gained mutation: You sometimes gain a little power by taking damage. [demonic ancestry]
  2981 | D:4      | Reached XP level 6. HP: 46/48 MP: 6/6
  3079 | D:4      | Reached *** piety under Trog
  3960 | D:4      | Found an opulent altar of Gozag.
  4049 | D:5      | Entered Level 5 of the Dungeon
  4049 | D:5      | Noticed a sky beast
  4065 | D:5      | Killed a sky beast
  4065 | D:5      | Gained mutation: You have sharp toenails. [demonic ancestry]
  4065 | D:5      | Reached XP level 7. HP: 55/55 MP: 7/7
  4483 | D:5      | You fall through a shaft!
  4907 | D:5      | Found an opulent altar of Gozag.
  5640 | D:6      | Reached **** piety under Trog
  5640 | D:6      | Reached skill level 5 in Long Blades
  5734 | D:6      | Reached skill level 5 in Fighting
  6010 | D:7      | Reached XP level 8. HP: 62/62 MP: 8/8
  6296 | D:7      | Found a sand-covered staircase.
  6301 | Ossuary  | Entered an ossuary
  6373 | Ossuary  | Reached skill level 5 in Armour
  6977 | D:7      | Found a staircase to the Ecumenical Temple.
  6977 | D:7      | Noticed Menkaure
  6982 | D:7      | Killed Menkaure
  7163 | D:7      | Noticed dscm's ghost (novice OpEE)
  7171 | D:7      | Killed dscm's ghost
  7261 | D:7      | Reached XP level 9. HP: 69/69 MP: 9/9
  7421 | D:7      | Reached ***** piety under Trog
  8178 | D:8      | Reached skill level 1 in Shields
  8207 | D:8      | Received a gift from Trog
  8240 | D:8      | Noticed a two-headed ogre
  8250 | D:8      | Killed a two-headed ogre
  8250 | D:8      | Reached skill level 5 in Dodging
  8576 | D:8      | Noticed HerrDoktor's ghost (novice GrEE)
  8590 | D:8      | Killed HerrDoktor's ghost
  8590 | D:8      | Reached XP level 10. HP: 79/79 MP: 10/10
  9282 | D:9      | Received a gift from Trog
 10405 | D:9      | Noticed a death yak
 10406 | D:9      | Noticed a death yak
 10408 | D:9      | Noticed a death yak
 10409 | D:9      | Found a staircase to the Lair.
 10561 | D:9      | Slain by a death yak

Skill      XL: |  1  2  3  4  5  6  7  8  9 10 |
---------------+-------------------------------+-----
Armour         | 2 3 4 5 6 7 |  7.4
Dodging        | 2 3 4 5 |  5.8
Long Blades    | 3 4 5 6 8 |  8.3
Stealth        | 1 2 |  2.5
Fighting       | 4 5 6 7 8 |  8.0
Shields        | 2 3 |  3.8

Action                   |  1- 3 |  4- 6 |  7- 9 | 10-12 || total
-------------------------+-------+-------+-------+-------++-------
Melee: Falchion          |   108 |   231 |   609 |     7 ||   955
       Long sword        |       |       |       |   247 ||   247
Invok: Berserk           |       |     5 |    13 |     5 ||    23
       Burn Spellbooks   |       |       |     4 |       ||     4
  Use: Scroll            |       |     9 |     6 |     2 ||    17
 Stab: Sleeping          |     2 |       |       |       ||     2
       Distracted        |       |     1 |     4 |       ||     5
  Eat: Chunk             |     2 |    12 |    21 |     9 ||    44
       Ration            |       |       |     2 |     2 ||     4
Armor: Leather armour    |    30 |    13 |       |       ||    43
       Animal skin       |     1 |       |       |       ||     1
       Chain mail        |       |   143 |   371 |   146 ||   660
Dodge: Dodged            |    67 |   107 |   250 |    86 ||   510
Block: Shield            |       |       |    62 |   133 ||   195
       Rpst.: Falchion   |    21 |    33 |    76 |       ||   130
       Long sword        |       |       |       |    21 ||    21
